 Dungeon Crawl Stone Soup version 0.21.1-1-g345015f (webtiles) character file.

320 shakethe the Skirmisher (level 6, -1/49 HPs)
             Began as a Demonspawn Fighter on Feb 21, 2018.
             Killed from afar by an orc wizard (9 damage)
             ... with a magic dart
             ... on level 4 of the Dungeon.
             The game lasted 00:02:44 (2782 turns).

shakethe the Skirmisher (Demonspawn Fighter)        Turns: 2782, Time: 00:02:44

Health: -1/49      AC: 13    Str: 17    XL:     6   Next: 22%
Magic:  0/6        EV:  9    Int: 11    God:
Gold:   93         SH:  5    Dex: 12    Spells: 5/5 levels left

rFire    . . .     SeeInvis .   r - +0 hand axe (elec)
rCold    . . .     Gourm    .   h - +0 buckler
rNeg     . . .     Faith    .   b - +0 scale mail
rPois    .         Spirit   +   (helmet restricted)
rElec    .         Reflect  .   (no cloak)
rCorr    .         Harm     .   (no gloves)
MR       .....                  (no boots)
Stlth    ..........             (no amulet)
HPRegen  0.16/turn              (no ring)
MPRegen  0.10/turn              (no ring)

@: lethally poisoned (-1 -> -7), sanguine armour, slowed, very slow
A: antennae 1, magic shield, sanguine armour 1
a: no special abilities


You were on level 4 of the Dungeon.
You were not hungry.

You visited 1 branch of the dungeon, and saw 4 of its levels.

You collected 93 gold pieces.

Inventory:

Hand Weapons
 a - a +0 war axe
 r - a +0 hand axe of electrocution (weapon)
   (You found it on level 2 of the Dungeon)
Missiles
 i - 2 throwing nets {=f, !d}
 m - 6 curare-tipped needles
Armour
 b - a +0 scale mail (worn)
 c - a +0 shield
 h - a +0 buckler (worn)
   (You found it on level 1 of the Dungeon)
Jewellery
 k - an uncursed ring of flight {unknown}
   (You found it on level 1 of the Dungeon)
 n - an uncursed amulet of the gourmand {unknown}
   (You found it on level 2 of the Dungeon)
 u - a cursed amulet of inaccuracy {unknown}
   (You found it on level 3 of the Dungeon)
Scrolls
 g - a scroll of fog {unknown}
 j - 5 scrolls of teleportation {unknown}
 l - 2 scrolls of enchant armour {unknown}
 o - a scroll of magic mapping {unknown}
 q - 2 scrolls of identify {unknown}
 v - a scroll of enchant weapon {unknown}
 y - a scroll of blinking {unknown}
Potions
 d - a potion of might
 e - 4 potions of haste {unknown}
 p - a potion of lignification {unknown}
 s - a potion of degeneration {unknown}
 t - a potion of heal wounds {unknown}
 w - 2 potions of curing {unknown}
Comestibles
 f - 4 rations
 x - 8 chunks of flesh {@w0@w0}


   Skills:
 + Level 4.3 Fighting
 + Level 3.3 Axes
 + Level 4.0 Armour
 + Level 3.8 Shields


You had 5 spell levels left.
You didn't know any spells.

Dungeon Overview and Level Annotations

Branches:
Dungeon (4/15)
 Temple: D:4-7

Altars:
Cheibriados
Fedhas
Qazlal
Xom


Innate Abilities, Weirdness & Mutations

You have a pair of small antennae on your head.
When hurt, damage is shared between your health and your magic reserves.
When seriously injured, your bleeding wounds create armour. (AC +6)


Message History

You start waiting.
Done waiting.
Unknown command.
You butcher the jackal corpse.
x - 4 chunks of flesh {@w0@w0} (gained 3)
You butcher the jackal corpse.
x - 7 chunks of flesh {@w0@w0} (gained 3)
You butcher the jackal corpse.
x - 8 chunks of flesh {@w0@w0} (gained 1)
Things that are here:
a jackal skeleton x3
Things that are here:
a jackal skeleton x3 2 orcs come into view.
The orc shouts! x2
The orc moves out of view.
An orc wizard comes into view. It is wielding a dagger.
The orc wizard shouts!
The orc wizard mumbles some strange words.
The orc wizard blinks!
A worker ant comes into view.
The orc hits you with a trident.
You take 1 damage, and have 47/48 hp.
You closely miss the orc. You block the orc's attack.
You closely miss the orc.
An orc comes into view.
It is wielding a hand axe of electrocution.
Health restored: 48 You barely miss the orc.
The orc misses you.
You hit the orc. The orc hits you.
The orc hits you from afar with a trident.
You block the orc's attack.
You take 4 damage, and have 44/48 hp.
Your scale mail prevents you from hitting the orc.
You block the orc's attack. The orc completely misses you.
You barely miss the orc. The orc hits you but does no damage.
You block the orc's attack.
You hit the orc but do no damage. You block the orc's attack.
The orc misses you.
You hit the orc. Lightning courses through the orc!
You kill the orc!
The orc barely misses you.
The orc wizard gestures wildly while chanting.
The orc wizard blinks!
The orc hits you with a trident.
You take 2 damage, and have 42/48 hp.
You hit the orc. Lightning courses through the orc!
You kill the orc!
The worker ant bites you.
You take 1 damage, and have 41/48 hp.
You hit the worker ant. The worker ant closely misses you.
You barely miss the worker ant. The worker ant bites you.
You are poisoned.
The worker ant poisons you!
The orc wizard casts a spell.
The orc wizard seems to speed up.
The worker ant bites you but does no damage.
You take 2 damage, and have 39/48 hp.
You barely miss the worker ant.
You feel sick. The worker ant bites you.
You are more poisoned.
The worker ant poisons you!
You take 5 damage, and have 34/48 hp.
Your scale mail prevents you from hitting the worker ant.
Your blood congeals into armour.
You feel sick.
The worker ant bites you but does no damage.
You block the worker ant's attack.
You take 2 damage, and have 32/48 hp.
You closely miss the worker ant.
You feel sick.
The worker ant bites you but does no damage.
You take 1 damage, and have 31/48 hp.
Unknown command.
You hit the worker ant.
You feel sick.
The orc wizard gestures wildly while chanting.
The orc wizard blinks!
The worker ant bites you but does no damage.
You take 1 damage, and have 30/48 hp.
You hit the worker ant.
Lightning courses through the worker ant!
You kill the worker ant!
Your Armour skill increases to level 4!
You feel sick.
The orc hits you with a hand axe of electrocution.
You are electrocuted!
You take 13 damage, and have 17/49 hp.
MASSIVE DAMAGE!!
You now have 3/6 mp.
You are too injured to fight recklessly!
You hit the orc.
You feel sick. The orc hits you but does no damage.
You are electrocuted!
* * * LOW HITPOINT WARNING * * *
You take 8 damage, and have 9/49 hp.
You now have 2/6 mp.
You hit the orc.
You kill the orc!
You feel sick.
The orc wizard points at you and mumbles some strange words.
You feel yourself slow down.
You take 1 damage, and have 8/49 hp.
You feel sick.
The orc wizard points at you and mumbles some strange words.
The magic dart hits you!
You die...

.# #.# #.# #.# #
#.# #.#. #.# #
#....#####.###..##
#....o.@...[......
......####..####.#
.#### #.#.##
#.###.## #.#
##.#####.# ..#
##รท.....# #.#
##.####### #. #<##
#..#


You could see an orc wizard.

Vanquished Creatures
  4 crimson imps (D:3)
  A hound (D:4)
  A bullfrog skeleton (D:3)
  A worker ant (D:4)
  3 adders
  An ooze (D:2)
  2 dart slugs (D:3)
  2 leopard geckos
  4 orcs
  4 ball pythons
  2 giant cockroaches
  8 goblins
  7 hobgoblins
  4 jackals (D:4)
  5 bats
  5 frilled lizards
  6 kobolds
  8 rats
68 creatures vanquished.

Notes
Turn   | Place    | Note
-------+----------+-------------------------------------------
     0 | D:1      | shakethe the Demonspawn Fighter began the quest for the Orb.
     0 | D:1      | Reached XP level 1. HP: 18/18 MP: 1/1
   173 | D:1      | Found a snail-covered altar of Cheibriados.
   260 | D:1      | Reached skill level 2 in Axes
   302 | D:1      | Gained mutation: When hurt, damage is shared between your health and your magic reserves. [demonic ancestry]
   302 | D:1      | Reached XP level 2. HP: 22/24 MP: 2/2
   475 | D:1      | Reached skill level 3 in Armour
   977 | D:2      | Reached XP level 3. HP: 29/29 MP: 3/3
   982 | D:2      | Reached skill level 3 in Shields
  1420 | D:3      | Reached XP level 4. HP: 36/36 MP: 4/4
  1458 | D:3      | Found a shimmering altar of Xom.
  1483 | D:3      | Gained mutation: You have a pair of small antennae on your head. [demonic ancestry]
  1483 | D:3      | Reached XP level 5. HP: 42/42 MP: 5/5
  1526 | D:3      | Reached skill level 4 in Fighting
  1573 | D:3      | Reached skill level 3 in Axes
  1975 | D:3      | Found a stormy altar of Qazlal.
  2013 | D:3      | Found a blossoming altar of Fedhas.
  2588 | D:4      | Gained mutation: When seriously injured, your bleeding wounds create armour. (AC +6) [demonic ancestry]
  2588 | D:4      | Reached XP level 6. HP: 37/48 MP: 3/6
  2779 | D:4      | Reached skill level 4 in Armour
  2780 | D:4      | HP: 9/49 [orc/hand axe of electrocution (7)]
  2782 | D:4      | Killed from afar by an orc wizard

Skill      XL: |  1  2  3  4  5  6 |
---------------+-------------------+-----
Axes           | 2 3 |  3.3
Armour         | 3 4 |  4.0
Shields        | 3 |  3.8
Fighting       | 4 |  4.3

Action                   |  1- 3 |  4- 6 || total
-------------------------+-------+-------++-------
Melee: War axe           |   112 |       ||   112
       Hand axe          |     6 |   114 ||   120
  Eat: Chunk             |     2 |     4 ||     6
Armor: Scale mail        |    42 |    47 ||    89
Dodge: Dodged            |    54 |    57 ||   111
Block: Shield            |    10 |       ||    10
       Buckler           |    18 |    33 ||    51

Vault maps used:
D:1:      roderic_chinese_lattice_arrival, cheibriados_altar_1
D:3:      nicolae_qazlal_general_emergency, fedhas_altar_3, first_ration,
          led_xom_imps

Table legend:
 A = Turns spent in this place as a percentage of turns spent in the entire game.
 B = Non-inter-level travel turns spent in this place as a percentage of non-inter-level travel turns spent in the entire game.
 C = Inter-level travel turns spent in this place as a percentage of turns spent in this place.
 D = Turns resting spent in this place as a percentage of non-inter-level travel turns spent in this place.
 E = Turns spent auto-exploring this place as a percentage of non-inter-level travel turns spent in this place.
 F = Non-inter-level travel turns spent in this place divided by the number of levels of this place that you've seen.
                   A       B       C       D       E      F
               +-------+-------+-------+-------+-------+----------------------
         Total | 100.0 | 100.0 |   1.3 |  22.7 |  57.2 | 686.5
       Dungeon | 100.0 | 100.0 |   1.3 |  22.7 |  57.2 | 686.5
               +-------+-------+-------+-------+-------+----------------------

Table legend:
 A = Kills in this place as a percentage of kills in entire the game.
 B = Kills by you in this place as a percentage of kills by you in the entire game.
 C = Kills by friends in this place as a percentage of kills by friends in the entire game.
 D = Other kills in this place as a percentage of other kills in the entire game.
 E = Experience gained in this place as a percentage of experience gained in the entire game.
 F = Experience gained in this place divided by the number of levels of this place that you have seen.
                   A       B       C       D       E      F
               +-------+-------+-------+-------+-------+----------------------
         Total | 100.0 | 100.0 |   N/A |   N/A | 100.0 | 114.5
       Dungeon | 100.0 | 100.0 |   N/A |   N/A | 100.0 | 114.5
               +-------+-------+-------+-------+-------+----------------------
